Map: Jagannatha LE

Players

Dream

  • Race: Terran Terran
  • Spawn Location: 7:00

HeRoMaRinE - Winner!

  • Race: Terran Terran
  • Spawn Location: 1:00

Event: IEM Katowice 2021

VOD

Have the link to the VOD?

Description

Time

  • Played on: Feb. 24, 2021, 12:32 p.m.
  • Length: 11:46

All games in this series

Show
View Real Time Build Order
Export as new Build Order

Dream Terran 

Build Orders:  

Get SALT Encoding   

  12  0:00  SCV  
  13  0:12  SCV  
  14  0:17  Supply Depot  
  14  0:24  SCV  
  15  0:38  SCV  
  15  0:40  Barracks  
  16  0:43  Refinery  
  16  0:50  SCV  
  16  0:54  Refinery  
  17  1:03  SCV  
  18  1:15  SCV  
  19  1:27  Reaper, Orbital Command  
  19  1:29  Supply Depot  
  20  1:42  Factory  
  20  1:52  SCV  
  21  1:59  Barracks Reactor  
  21  2:04  SCV  
  22  2:17  SCV  
  22  2:19  Command Center  
  23  2:26  Hellion  
  23  2:29  SCV  
  26  2:34  Supply Depot  
  26  2:36  Reaper  
  27  2:38  Reaper  
  27  2:42  SCV  
  29  2:49  Hellion  
  31  2:56  SCV  
  32  2:58  Starport  
  32  3:07  Marine  
  32  3:08  SCV  
  32  3:10  Marine  
  32  3:11  Factory Tech Lab  
  35  3:20  SCV  
  35  3:25  Refinery  
  36  3:27  Marine  
  36  3:28  Marine  
  36  3:31  Siege Tank  
  36  3:33  SCV  
  42  3:39  Medivac  
  43  3:42  SCV  
  43  3:45  Marine  
  44  3:52  Marine  
  44  3:54  SCV  
  44  3:55  Orbital Command  
  44  4:06  SCV  
  44  4:07  Cyclone  
  44  4:08  Marine  
  49  4:11  Marine  
  49  4:16  Starport Tech Lab, Supply Depot  
  50  4:19  SCV  
  50  4:21  SCV  
  52  4:31  SCV  
  53  4:33  SCV  
  53  4:37  Marine x2  
  53  4:38  Raven  
  58  4:40  Supply Depot  
  58  4:43  SCV  
  58  4:45  SCV  
  52  4:55  SCV, Marine x2, Siege Tank  
  52  4:57  SCV  
  59  5:03  Supply Depot  
  59  5:07  SCV  
  59  5:09  SCV  
  59  5:13  Marine x2  
  63  5:19  SCV  
  62  5:21  SCV  
  62  5:28  Raven  
  62  5:30  Refinery  
  62  5:31  SCV  
  62  5:32  Marine x2  
  62  5:34  SCV  
  62  5:35  Command Center, Siege Tank  
  69  5:43  SCV  
  69  5:46  SCV  
  71  5:52  Engineering Bay  
  71  5:54  Supply Depot  
  71  5:55  SCV  
  71  5:56  Engineering Bay  
  72  5:58  SCV  
  73  6:04  Supply Depot  
  73  6:07  SCV, Siege Tank  
  73  6:10  SCV  
  78  6:19  Stimpack  
  78  6:20  SCV  
  78  6:22  SCV  
  78  6:23  Viking x2  
  84  6:28  Supply Depot, Terran Infantry Weapons Level 1  
  84  6:30  Terran Infantry Armor Level 1  
  84  6:40  Barracks  
  84  6:41  Barracks  
  84  6:42  SCV x2  
  84  6:45  Siege Tank  
  84  6:46  Marine  
  90  6:54  Viking  
  90  6:55  SCV, Viking  
  95  7:03  SCV x2  
  95  7:04  Marine  
  98  7:10  SCV  
  91  7:15  SCV  
  91  7:16  SCV  
  91  7:20  Siege Tank  
  91  7:22  SCV, Marine  
  86  7:24  Viking  
  86  7:25  Viking  
  86  7:28  SCV  
  84  7:33  Barracks Reactor x2  
  84  7:35  SCV, Barracks x2  
  85  7:40  Marine  
  85  7:42  SCV  
  87  7:47  SCV  
  87  7:50  Armory  
  88  7:52  Siege Tank, Orbital Command  
  88  7:57  Marine  
  93  7:58  SCV  
  93  7:59  SCV  
  93  8:00  Refinery x2  
  93  8:02  Medivac  
  93  8:03  Medivac  
  98  8:09  Marine x2  
  98  8:10  SCV  
  98  8:11  SCV  
  98  8:12  Supply Depot  
  102  8:13  Combat Shield  
  102  8:15  Marine  
  102  8:18  SCV  
  103  8:20  Marine x2  
  103  8:22  SCV  
  103  8:23  Barracks Reactor  
  103  8:24  Barracks Reactor  
  103  8:27  Marine  
  105  8:30  SCV  
  105  8:31  SCV, Marine  
  105  8:34  Marine  
  103  8:37  SCV  
  103  8:38  Marine x2  
  96  8:43  SCV x2, Viking  
  96  8:47  Viking  
  102  8:49  Marine x2  
  102  8:52  Marine  
  102  8:54  Siege Tank  
  108  8:56  Terran Infantry Weapons Level 2  
  108  8:59  Marine x3  
  111  9:04  Marine x3  
  111  9:07  Marine x2  
  116  9:10  Terran Infantry Armor Level 2  
  116  9:16  Marine  
  118  9:22  Marine  
  118  9:23  Supply Depot x2  
  118  9:24  Command Center, Supply Depot  
  118  9:26  Marine x2  
  120  9:36  Marine  
  120  9:37  Marine x4  
  121  9:40  Marine  
  121  9:45  Marine x2  
  121  9:47  Siege Tank  
  122  9:53  Marine  
  122  9:54  Marine x2  
  122  9:59  Marine x2  
  126  10:00  Marine x2  
  126  10:02  Refinery, Sensor Tower  
  129  10:07  Marine x2  
  129  10:08  Sensor Tower  
  128  10:17  Marine x2  
  128  10:19  Marine  
  128  10:20  Siege Tank  
  126  10:27  Marine x2  
  112  10:28  Marine  
  112  10:30  Marine x3  
  112  10:34  Marine  
  112  10:35  Marine  
  111  10:37  Marine  
  111  10:38  Medivac x2  
  116  10:44  Marine  
  116  10:45  Marine  
  116  10:46  Marine  
  116  10:48  Marine  
  116  10:49  Marine x2  
  122  10:50  Command Center  
  122  10:52  Marine, Siege Tank  
  126  10:58  Marine x2  
  126  11:02  Marine  
  126  11:03  Marine  
  130  11:04  Marine  
  130  11:05  Supply Depot  
  130  11:06  Marine, Missile Turret  
  130  11:07  Marine x2  
  126  11:16  Marine x3  
  98  11:20  Marine  
  98  11:21  Marine  
  98  11:22  Marine  
  98  11:24  Marine x2  
  98  11:25  Marine  
Show
View Real Time Build Order
Export as new Build Order

HeRoMaRinE Terran - Winner!

Build Orders:  

Get SALT Encoding   

  12  0:00  SCV  
  13  0:12  SCV  
  14  0:17  Supply Depot  
  14  0:24  SCV  
  15  0:38  SCV  
  15  0:39  Barracks  
  16  0:43  Refinery  
  16  0:51  SCV  
  16  0:54  Refinery  
  17  1:03  SCV  
  18  1:15  SCV  
  19  1:26  Reaper  
  19  1:27  Supply Depot  
  19  1:28  Orbital Command  
  20  1:43  Factory  
  20  1:53  SCV  
  21  1:58  Reaper  
  22  2:05  SCV  
  23  2:17  Command Center  
  23  2:19  SCV  
  24  2:27  Hellion  
  26  2:31  SCV, Barracks Reactor  
  26  2:36  Supply Depot  
  27  2:43  SCV  
  28  2:48  Widow Mine  
  30  2:52  Starport  
  30  2:55  SCV  
  31  3:08  SCV, Marine x2  
  31  3:11  Factory Tech Lab  
  34  3:16  Refinery  
  34  3:20  SCV  
  37  3:29  Starport Tech Lab  
  37  3:31  Orbital Command  
  37  3:32  SCV  
  36  3:37  Cyclone  
  36  3:40  Marine x2  
  38  3:44  SCV  
  37  3:53  Raven  
  37  3:56  SCV  
  37  3:57  SCV  
  37  3:58  Marine x2  
  41  4:03  Supply Depot  
  41  4:08  SCV  
  41  4:09  SCV, Siege Tank  
  46  4:17  Marine x2  
  46  4:20  SCV  
  46  4:21  SCV  
  50  4:25  Supply Depot  
  49  4:32  SCV  
  49  4:33  SCV  
  49  4:35  Marine x2  
  49  4:37  Raven  
  55  4:44  SCV  
  56  4:45  SCV  
  56  4:52  Siege Tank  
  58  4:53  Marine x2  
  58  4:55  Supply Depot  
  58  4:56  SCV  
  58  4:57  SCV  
  62  5:08  SCV  
  62  5:09  SCV  
  64  5:21  SCV  
  61  5:22  SCV  
  61  5:23  Command Center  
  59  5:29  Siege Tank  
  59  5:33  SCV, Viking x2  
  59  5:34  SCV  
  68  5:39  Stimpack  
  68  5:40  Barracks  
  68  5:41  Marine  
  68  5:42  Barracks  
  69  5:45  SCV  
  69  5:46  SCV, Supply Depot  
  71  5:58  Refinery  
  71  5:59  Marine, Engineering Bay  
  71  6:00  Engineering Bay  
  71  6:03  Viking  
  71  6:04  Viking  
  76  6:07  SCV x2  
  78  6:15  Siege Tank  
  78  6:16  Marine  
  82  6:19  SCV x2  
  84  6:31  SCV, Barracks  
  84  6:32  SCV  
  86  6:33  Barracks  
  86  6:34  Marine  
  86  6:38  Viking x2  
  86  6:39  Barracks Reactor  
  90  6:44  SCV x2, Marine  
  93  6:50  Siege Tank  
  96  6:55  Supply Depot  
  96  6:56  SCV x2  
  96  6:59  Marine  
  99  7:04  Orbital Command  
  99  7:08  SCV x2  
  91  7:19  Marine  
  91  7:20  SCV x2, Marine  
  89  7:24  Marine  
  89  7:26  Barracks Reactor x2  
  89  7:29  SCV  
  88  7:32  SCV x2  
  88  7:33  Refinery x2, Combat Shield  
  88  7:35  Terran Infantry Armor Level 1, Terran Infantry Weapons Level 1  
  89  7:37  Marine x2  
  89  7:40  Barracks Reactor  
  89  7:41  SCV, Sensor Tower  
  89  7:42  Marine  
  93  7:44  SCV x2  
  95  7:52  Siege Tank  
  95  7:53  SCV  
  95  7:55  Marine x2  
  95  7:56  SCV x2, Supply Depot  
  103  8:00  Supply Depot x2, Marine  
  103  8:04  Supply Depot  
  105  8:08  Marine  
  105  8:09  Marine  
  105  8:11  Marine  
  107  8:13  Medivac  
  107  8:17  Medivac, Supply Depot, Marine x4  
  107  8:18  Marine  
  116  8:20  Marine  
  116  8:24  Siege Tank  
  116  8:26  Marine x2  
  122  8:29  Marine  
  111  8:35  Marine x5  
  111  8:38  Marine  
  109  8:43  Medivac  
  109  8:44  Marine x2  
  109  8:47  Marine  
  109  8:48  Armory  
  106  8:49  Factory  
  106  8:53  Marine x4  
  110  8:56  Medivac  
  110  8:58  Command Center, Marine  
  110  9:02  Marine x2  
  115  9:03  Barracks Reactor, Siege Tank  
  115  9:04  Marine  
  119  9:11  Marine x2, Missile Turret  
  119  9:13  Medivac, Marine x2  
  119  9:16  Marine  
  126  9:20  Marine x2  
  126  9:21  Supply Depot  
  128  9:25  Marine  
  128  9:28  Marine x2  
  128  9:30  Marine  
  132  9:33  Marine  
  132  9:34  Marine  
  132  9:35  Medivac, Siege Tank  
  132  9:37  Marine  
  132  9:38  Marine  
  136  9:41  Marine x2  
  136  9:43  Medivac, Marine  
  141  9:46  Marine x2  
  141  9:48  Marine  
  141  9:50  Marine  
  141  9:52  Marine  
  142  9:55  Marine x2  
  142  9:58  Marine  
  142  9:59  Marine  
  144  10:01  Marine  
  144  10:03  Siege Tank  
  144  10:04  Marine x2  
  144  10:06  Marine  
  151  10:07  Siege Tank  
  151  10:09  Medivac  
  151  10:11  Marine x2  
  151  10:13  Marine  
  151  10:14  Marine  
  159  10:16  Marine x2  
  162  10:27  Marine  
  162  10:28  Marine x3  
  150  10:29  Marine x2  
  150  10:31  Marine x2  
  150  10:34  Marine x2  
  156  10:36  Siege Tank  
  156  10:39  Siege Tank  
  156  10:41  Medivac x2  
  166  10:45  Marine x2  
  166  10:46  Marine x3, Planetary Fortress  
  166  10:49  Marine  
  172  10:53  Supply Depot, Marine  
  172  11:08  Marine x3  
  172  11:09  SCV, Marine x2  
  172  11:10  SCV  
  172  11:11  SCV, Marine  
  172  11:12  Marine  
  172  11:15  Medivac x2  
  176  11:19  Marine  
  176  11:20  Marine x2  
  169  11:26  Marine  

Tags
 
Add a new tag
Caveats
  • Supply blocks, unpowered buildings, or Contaminate may cause inaccurate times.
  • Supply counts are checked every 10 seconds.